 Dungeon Crawl Stone Soup version 0.24.0-13-gcf9b319 (webtiles) character file.

Game seed: 15849330985249620783, levelgen mode: deterministic

56 Boetheseconed the Skirmisher (level 3, -5/29 HPs)
             Began as a Demonspawn Fighter on Dec 11, 2019.
             Slain by Robin
             ... wielding a +7 spear of distortion
              (6 damage)
             ... on level 2 of the Dungeon.
             The game lasted 00:04:00 (1271 turns).

Boetheseconed the Skirmisher (Demonspawn Fighter)   Turns: 1271, Time: 00:04:00

Health: -5/29      AC:  6    Str: 16    XL:     3   Next: 69%
Magic:  3/3        EV:  6    Int:  9    God:
Gold:   67         SH:  9    Dex: 17    Spells: 2/2 levels left

rFire    . . .     SeeInvis .   a - +0 war axe
rCold    . . .     Gourm    .   c - +0 shield
rNeg     . . .     Faith    .   b - +0 scale mail
rPois    .         Spirit   .   (no helmet)
rElec    .         Reflect  .   (no cloak)
rCorr    .         Harm     .   (no gloves)
MR       .....                  (no boots)
Stlth    +.........             (no amulet)
HPRegen  0.09/turn              (no ring)
MPRegen  0.08/turn              (no ring)

@: no status effects
A: hooves 1, thin skeletal structure 2, blurry vision 1
a: no special abilities


You were on level 2 of the Dungeon.
You were very hungry.

You visited 1 branch of the dungeon, and saw 2 of its levels.

You collected 67 gold pieces.

Inventory:

Hand Weapons
 a - a +0 war axe (weapon)
Armour
 b - a +0 scale mail (worn)
 c - a +0 shield (worn)
Scrolls
 d - a scroll of remove curse {unknown}
 e - 4 scrolls of amnesia {unknown}
 h - 2 scrolls of identify {unknown}
Potions
 i - a potion of mutation
Comestibles
 f - 2 rations


   Skills:
 + Level 3.3 Fighting
 + Level 2.7 Axes
 + Level 3.0 Armour
 + Level 0.1 Dodging
 + Level 3.1 Shields


You had 2 spell levels left.
You didn't know any spells.
Your spell library was empty.

Dungeon Overview and Level Annotations

Branches:
Dungeon (2/15)

Altars:

Annotations:
D:2 Robin


Innate Abilities, Weirdness & Mutations

You have a moderately thin skeletal structure. (Dex +4, Stealth+)
You have large cloven feet.
Scrolls take you a little longer to read.


Message History

The kobold is severely wounded.
You block the kobold's attack. The kobold hits you but does no damage.
You hit the kobold.
You kill the kobold!
Things that are here:
a +0 club; a kobold corpse
Found a leather armour.
You are feeling very hungry.
Robin is too close now for your liking.
Robin shouts!
The hobgoblin shouts!
Robin roars a battlecry!
The hobgoblin goes into a battle-frenzy!
Robin's bangles clink loudly.
Robin hits you but does no damage. Space warps horribly around you!!
Ouch! That really hurt!
* * * LOW HITPOINT WARNING * * *
Robin says, "Kneel, worm!"
Robin hits you with a +7 spear of distortion.
You die...

#.....###.#.#..#
............#..#
#.....###.###..#
##... #.###..# ##.
#......# .. #####.##
## #.# #.# . #### #
#@# #.. ..# . #g#
#...##.##. .g. ..#
#........ ..... #.#
....##..#######....#
#.#
#>.......)g)g.....#
#.#
#.###..########.###
#.# #.###..# #.# #.#
#......# ##+## #.#


You could see Robin and a hobgoblin.

Vanquished Creatures
  An adder (D:2)
  A gnoll (D:1)
  A dart slug (D:1)
  A ball python (D:1)
  4 giant cockroaches
  11 goblins
  5 hobgoblins (D:2)
  3 bats
  3 frilled lizards
  A kobold (D:2)
  2 rats (D:1)
33 creatures vanquished.

Notes
Turn   | Place    | Note
-------+----------+-------------------------------------------
     0 | D:1      | Boetheseconed the Demonspawn Fighter began the quest for
                  | the Orb.
     0 | D:1      | Reached XP level 1. HP: 18/18 MP: 1/1
   247 | D:1      | Gained mutation: You have a somewhat thin skeletal
                  | structure. (Dex +2, Stealth) [demonic ancestry]
   247 | D:1      | Reached XP level 2. HP: 15/24 MP: 2/2
   821 | D:2      | Noticed Robin
   824 | D:2      | Reached XP level 3. HP: 21/29 MP: 3/3
   858 | D:1      | Gained mutation: You have large cloven feet. [potion of
                  | mutation]
   858 | D:1      | Gained mutation: Scrolls take you a little longer to read.
                  | [potion of mutation]
   858 | D:1      | Gained mutation: You have a moderately thin skeletal
                  | structure. (Dex +4, Stealth+) [potion of mutation]
  1270 | D:2      | HP: 1/29 [Robin/+7 spear of distortion (22)]
  1271 | D:2      | Slain by Robin

Levels and vault maps discovered:
D:1:      psy_arrival_whirlpool, layout_loops_ring, dk_noncrumbling_4,
          nrook_loot_triangle, hangedman_decor_points
D:2:      layout_loops_corners, kiku_gazebo_garden_becter, uniq_robin

Skill      XL: |  1  2 |
---------------+-------+-----
Shields        | 3 |  3.1
Axes           | 2 |  2.7
Armour         | 3 |  3.0
Fighting       | |  3.3
Dodging        | |  0.1

Action                   || total
-------------------------++-------
Melee: War axe           ||    77
       Kick              ||     1
  Use: Potion            ||     2
Armor: Scale mail        ||    34
Dodge: Dodged            ||    24
Block: Shield            ||    45
